 Dungeon Crawl Stone Soup version 0.30-a0-782-ge64f9170bb (webtiles) character file.

Game seed: 9402254521161665452

95 theswoord the Shooter (level 4, -1/25 HPs)
             Began as a Deep Elf Hunter on Mar 14, 2023.
             Slain by a gnoll
             ... wielding a +0 spear
              (6 damage)
             ... on level 2 of the Dungeon.
             The game lasted 00:01:44 (1684 turns).

theswoord the Shooter (Deep Elf Hunter)             Turns: 1684, Time: 00:01:45

Health: -1/25      AC:  6    Str: 10    XL:     4   Next: 40%
Magic:  6/6        EV:  9    Int: 14    God:
Gold:   77         SH:  0    Dex: 18    Spells: 3/3 levels left

rFire   . . .      SeeInvis .    a - +0 shortbow
rCold   . . .      Faith    .    (shield currently unavailable)
rNeg    . . .      Spirit   .    k - +0 scale mail
rPois   .          Reflect  .    (no helmet)
rElec   .          Harm     .    (no cloak)
rCorr   .          Rampage  .    (no gloves)
Will    .....                    (no boots)
Stlth   +                        (no amulet)
HPRegen 0.24/turn                (no ring)
MPRegen 0.10/turn                (no ring)

@: mighty
A: no striking features
a: no special abilities


You were on level 2 of the Dungeon.
You visited 1 branch of the dungeon, and saw 2 of its levels.

You collected 77 gold pieces.

Inventory:

Hand Weapons
 a - a +0 shortbow (weapon)
Armour
 c - a +0 leather armour
 k - a +0 scale mail (worn)
Jewellery
 h - an amulet of guardian spirit
 j - a +4 ring of protection
Scrolls
 b - 2 scrolls of immolation
 i - a scroll of enchant armour {unknown}
Potions
 g - a potion of might


   Skills:
 - Level 1.5 Fighting
 + Level 7.8 Ranged Weapons
 - Level 2.4 Dodging
 - Level 1.2 Stealth


You had 3 spell levels left.
You didn't know any spells.
Your spell library was empty.

Dungeon Overview and Level Annotations

Branches:
Dungeon (2/15)

Altars:


Message History

The gnoll barely misses you.
You shoot an arrow. The arrow barely misses the gnoll. x2
The arrow closely misses the adder.
The arrow hits the adder.
The gnoll closely misses you. The gnoll hits you but does no damage.
You shoot an arrow. The arrow barely misses the gnoll.
The arrow closely misses the gnoll.
The arrow hits the adder!
The gnoll completely misses you. The gnoll hits you with a +0 club.
The gnoll hits you but does no damage. The gnoll hits you with a +0 club.
* * * LOW HITPOINT WARNING * * *
You shoot an arrow. The arrow hits the gnoll!
You kill the gnoll!
The gnoll hits you from afar with a +0 spear.
* * * LOW HITPOINT WARNING * * *
You have reached level 4!
You feel clever.
Okay, then.
Blink to where?
As you read the scroll labelled QOUTROS NAQEE, it crumbles to dust.
It was a scroll of blinking.
Blink to where?
As you read the scroll of blinking, it crumbles to dust.
Really read the scroll of immolation?
As you read the scroll of immolation, it crumbles to dust.
The creatures around you are filled with an inner flame!
You shoot an arrow. The arrow hits the gnoll.
Flame seeps out of the gnoll.
The gnoll is engulfed in blazing flames.
The gnoll explodes!
The fiery explosion engulfs the adder!!!
You kill the adder!
You shoot an arrow.
The arrow hits the ball python but does no damage.
You shoot an arrow.
The arrow hits the gnoll but does no damage.
You shoot an arrow. The arrow barely misses the gnoll.
The gnoll hits you from afar with a +0 spear.
* * * LOW HITPOINT WARNING * * *
You shoot an arrow.
The arrow hits the gnoll but does no damage.
The gnoll hits you from afar with a +0 spear.
You die...

#.................##.#
###......##....#####.#
......####### #.# ...#.# ###.#
#..#.# #...# #..#.# #.###
#####..#.# #.## #...#..#.#
#.#.## #.#..gS@.# ##.###.###
######...#..### #.## ##... ##.
.Sg.........# ##.<###.###
....g######.###.# #....#.....
.)..S.Sg.☼).# #.# #..##.#####
##.############.#######..######
##..)##...........#
#.................###
##...##.###..####^...


You could see a gnoll and a ball python.

Vanquished Creatures
  2 gnolls (D:2)
  2 adders (D:2)
  4 ball pythons
  4 endoplasms
  5 giant cockroaches
  7 goblins
  2 hobgoblins
  7 jackals (D:1)
  5 bats (D:1)
  5 frilled lizards
  6 kobolds
  5 rats
54 creatures vanquished.

Notes
Turn   | Place    | Note
-------+----------+-------------------------------------------
     0 | D:1      | theswoord the Deep Elf Hunter began the quest for the Orb.
     0 | D:1      | Reached XP level 1. HP: 12/12 MP: 3/3
    67 | D:1      | Reached XP level 2. HP: 16/16 MP: 4/4
    68 | D:1      | Reached skill level 6 in Ranged Weapons
   420 | D:1      | Reached XP level 3. HP: 20/20 MP: 5/5
  1399 | D:2      | Reached skill level 7 in Ranged Weapons
  1458 | D:2      | Found a faded altar of an unknown god.
  1676 | D:2      | Reached XP level 4. HP: 5/25 MP: 6/6
  1684 | D:2      | Slain by a gnoll

Skill      XL: |  1  2  3 |
---------------+----------+-----
Ranged Weapons | 6 7 |  7.8
Fighting       | |  1.5
Dodging        | |  2.4
Stealth        | |  1.2

Action                     |  1- 3 |  4- 6 || total
---------------------------+-------+-------++-------
   Fire: Shortbow          |   107 |     5 ||   112
    Use: Potion            |     4 |       ||     4
         Scroll            |       |     3 ||     3
 Armour: Leather armour    |     8 |       ||     8
         Scale mail        |     6 |       ||     6
  Dodge: Dodged            |    46 |       ||    46

Levels and vault maps discovered:
D:1:      dpeg_arrival_leaves_temple_mockup, layout_basic
D:2:      layout_loops_ring, basic_altar, hellmonk_ecumenical_altar_blasted
